 Dungeon Crawl Stone Soup version 0.31-a0-345-g1ebeae05c6 (webtiles) character file.

Game seed: 15171037534817732546

1922 drugrobin the Basher (level 8, 0/93 HPs)
             Began as a Demigod Delver on July 22, 2023.
             Succumbed to a killer bee's poison
             ... on level 7 of the Dungeon.
             The game lasted 00:15:14 (8319 turns).

drugrobin the Basher (Demigod Delver)               Turns: 8319, Time: 00:15:15

Health: 0/93       AC: 11    Str: 27    XL:     8   Next: 64%
Magic:  10/10      EV:  7    Int: 12    God:
Gold:   477        SH:  0    Dex: 15    Spells: 7/7 levels left

rFire   . . .        b - +2 short sword (venom)
rCold   . . .        (no shield)
rNeg    . . .        l - +0 plate armour
rPois   .            u - +0 helmet
rElec   .            (no cloak)
rCorr   .            (no gloves)
SInv    +            (no boots)
Will    .....        B - amulet of magic regeneration Stlth
                     r - ring of see invisible
HPRegen 0.35/turn    y - +6 ring of strength
MPRegen 0.52/turn

%: no passive effects
@: berserking, lethally poisoned (0 -> -11), very quick
A: high MP 1, forlorn, divine attributes
a: no special abilities


You were on level 7 of the Dungeon.
You visited 1 branch of the dungeon, and saw 7 of its levels.
You also visited: Sewer.

You collected 477 gold pieces.

Inventory:

Hand Weapons
 a - a +0 flail
 b - a +2 short sword of venom (weapon)
 c - a +0 sling
 G - a +2 dagger of draining
 I - a +0 mace
Missiles
 p - 14 poisoned darts
Armour
 l - a +0 plate armour (worn)
 u - a +0 helmet (worn)
 F - a +0 leather armour of fire resistance
Jewellery
 d - a ring of fire
 r - a ring of see invisible (left hand)
 y - a +6 ring of strength (right hand)
 B - an amulet of magic regeneration (around neck)
Wands
 g - a wand of digging (3)
 h - a wand of iceblast (7)
 A - a wand of light (15)
 C - a wand of paralysis (4)
 E - a wand of mindburst (19)
Scrolls
 e - 5 scrolls of fear
 i - 3 scrolls of enchant armour {unknown}
 k - 2 scrolls of fog
 n - 3 scrolls of vulnerability {unknown}
 o - 3 scrolls of identify {unknown}
 v - a scroll of summoning {unknown}
 w - 2 scrolls of enchant weapon {unknown}
 x - 2 scrolls of blinking {unknown}
 D - 2 scrolls of poison {unknown}
 H - 3 scrolls of immolation {unknown}
 J - 3 scrolls of teleportation {unknown}
 K - 3 scrolls of revelation
Potions
 f - a potion of haste
 m - a potion of attraction {unknown}
 q - a potion of berserk rage
 s - 7 potions of enlightenment
 t - a potion of ambrosia {unknown}
 z - 2 potions of heal wounds {unknown}


   Skills:
 - Level 2.6 Fighting
 + Level 10.0 Maces & Flails
 - Level 1.7 Dodging
 - Level 4.5 Stealth
 - Level 4.0 Evocations


You had 7 spell levels left.
You didn't know any spells.
Your spell library contained the following spells:

 Spells                   Type           Power      Damage    Failure   Level
 Apportation              Tloc           0%         N/A       99%         1
 Magic Dart               Conj           0%         1d3       99%         1
 Summon Small Mammal      Summ           0%         N/A       99%         1
 Cigotuvi's Dreadful Rot  Necr/Pois/Air  0%         N/A       100%        2
 Ensorcelled Hibernation  Hex/Ice        0%         N/A       100%        2
 Passwall                 Tmut/Erth      0%         N/A       100%        2
 Searing Ray              Conj           0%         2d4       100%        2
 Call Canine Familiar     Summ           0%         N/A       100%        3
 Summon Guardian Golem    Hex/Summ       0%         N/A       100%        3
 Swiftness                Air            0%         N/A       100%        3
 Dispel Undead            Necr           0%         3d6       100%        4
 Fulminant Prism          Conj/Hex       0%         3d5       100%        4
 Alistair's Intoxication  Tmut/Pois      0%         N/A       100%        5
 Death Channel            Necr           0%         N/A       100%        6
 Chain Lightning          Conj/Air       0%         N/A       100%        9
 Fire Storm               Conj/Fire      0%         5d1       100%        9
 Shatter                  Erth           0%         3d5*      100%        9


Dungeon Overview and Level Annotations

Branches:
Dungeon (7/15)             Temple (0/1) D:5           Sewer (visited)

Shops:
D:6 (


Innate Abilities, Weirdness & Mutations

You have an increased reservoir of magic. (+10% MP)
You shall have no god before yourself.
Your divine heritage dramatically boosts your attributes as you level up.


Message History

The killer bee poisons you! The killer bee stings you.
The killer bee stings you but does no damage.
Your Maces & Flails skill increases to level 10!
Unknown command.
You closely miss the killer bee.
You feel very sick.
The killer bee stings you but does no damage.
The killer bee closely misses you.
The killer bee stings you but does no damage.
The killer bee stings you.
* * * LOW HITPOINT WARNING * * *
Unknown command.
Unknown command.
You barely miss the killer bee.
You feel sick. The killer bee barely misses you. The killer bee stings you.
* * * LOW HITPOINT WARNING * * *
The killer bee stings you.
* * * LOW HITPOINT WARNING * * *
The killer bee stings you.
* * * LOW HITPOINT WARNING * * *
Unknown command.
Unknown command.
Unknown command.
It was a potion of berserk rage.
A red film seems to cover your vision as you go berserk!
You feel yourself moving faster!
You feel mighty!
You feel very sick.
The killer bee stings you but does no damage.
The killer bee stings you.
* * * LOW HITPOINT WARNING * * *
The killer bee stings you.
* * * LOW HITPOINT WARNING * * *
The killer bee stings you.
* * * LOW HITPOINT WARNING * * *
You are more poisoned.
The killer bee poisons you!
Unknown command.
Unknown command.
You closely miss the killer bee.
You die...

........#
..........F....#
#....>.. ..y.|.
##....... ....
#.......####'####...
......#...........
....#......##...
####y##......#
#....@yF.....+
#....##y.....#
#....#########
#.)...#......#
#.....#......##
#.....+........
##....#......<.
#+####....#........
#........##......#


You could see a bullfrog and 3 killer bees.

Vanquished Creatures
  Sigmund (D:6)
  Eustachio (D:5)
  A water moccasin (D:5)
  An ice beast (D:6)
  3 ogres
  A black bear (D:6)
  2 scorpions (D:5)
  A killer bee (D:7)
  A howler monkey (D:5)
  A hound (D:5)
  5 orc priests
  3 iguanas
  4 jellies
  3 orc wizards
  Natasha (thrice) (D:2)
  3 gnolls (D:4)
  13 adders
  3 river rats (Sewer)
  2 shadow imps
  An ufetubus (D:6)
  3 worms
  2 dart slugs (D:1)
  13 orcs
  8 endoplasms
  6 giant cockroaches
  6 goblins
  4 hobgoblins
  11 jackals
  9 kobolds
  9 quokkas
  13 ball pythons
  11 bats
  3 frilled lizards
  6 rats
157 creatures vanquished.

Vanquished Creatures (others)
  A human (D:4)
  An orc wizard (D:5)
2 creatures vanquished.

Grand Total: 159 creatures vanquished

Notes
Turn   | Place    | Note
-------+----------+-------------------------------------------
     0 | D:5      | drugrobin the Demigod Delver began the quest for the Orb.
     0 | D:5      | Reached XP level 1. HP: 18/18 MP: 3/3
   104 | D:5      | Noticed an orc wizard
   218 | D:5      | Noticed a jelly
   259 | D:4      | Reached skill level 2 in Maces & Flails
   437 | D:1      | Reached XP level 2. HP: 25/25 MP: 4/4
   618 | D:1      | Reached skill level 3 in Maces & Flails
   949 | D:1      | Reached XP level 3. HP: 29/30 MP: 5/5
  1509 | D:2      | Noticed Natasha
  1521 | D:2      | Killed Natasha
  1522 | D:2      | Reached skill level 4 in Maces & Flails
  1916 | D:2      | Noticed Natasha
  1929 | D:2      | Killed Natasha
  1930 | D:2      | Reached XP level 4. HP: 29/37 MP: 6/6
  2106 | D:2      | Noticed Natasha
  2117 | D:2      | Killed Natasha
  2520 | D:3      | Noticed a +0 hand axe
  2520 | D:3      | Noticed a +0 dagger
  2660 | D:3      | Reached skill level 5 in Maces & Flails
  2660 | D:3      | Reached XP level 5. HP: 42/42 MP: 7/7
  3258 | D:4      | Noticed a human
  3260 | D:4      | Killed a human
  3290 | D:4      | Noticed an ogre
  3297 | D:4      | Killed an ogre
  3298 | D:4      | Reached skill level 1 in Evocations
  3348 | D:3      | Reached XP level 6. HP: 9/50 MP: 8/8
  4315 | D:5      | Reached skill level 6 in Maces & Flails
  4769 | D:5      | Reached XP level 7. HP: 51/56 MP: 9/9
  4850 | D:5      | Noticed Eustachio
  5011 | D:5      | Killed Eustachio
  5012 | D:5      | Reached skill level 7 in Maces & Flails
  5229 | D:5      | Reached skill level 8 in Maces & Flails
  5229 | D:5      | Reached XP level 8. HP: 17/62 MP: 10/10
  6017 | D:5      | Found a staircase to the Ecumenical Temple.
  6512 | D:6      | Reached skill level 9 in Maces & Flails
  6739 | D:6      | Found a glowing drain.
  6755 | Sewer    | Entered a sewer
  7621 | D:6      | Found Zaudes's Weapon Boutique.
  7692 | D:6      | Noticed Sigmund
  7703 | D:6      | Killed Sigmund
  8316 | D:7      | Reached skill level 10 in Maces & Flails
  8318 | D:7      | HP: 3/93 [killer bee (6)]
  8318 | D:7      | HP: 1/93 [killer bee (2)]
  8319 | D:7      | Succumbed to a killer bee's poison

Illustrated notes

Levels and vault maps discovered:
D:1:      amcnicky_arrival_gap_in_the_tavern_cellar, layout_loops_ring
D:2:      layout_basic, dreamdust_princess_corridor, minmay_puff, uniq_natasha
D:3:      layout_loops_ring, dancing_weapons_uskayaw
D:4:      layout_loops_cross, tgw_kikubaaqudgha
D:5:      layout_layer_cave, minitemple, minmay_temple_entry_nine_rooms,
          hangedman_minor_gate_pass, uniq_eustachio
D:6:      layout_cave_pods, serial_shops, nicolae_shop_statue_plus,
          gup_sewer_entry_pipe, uniq_sigmund
D:7:      layout_gridville, beargit_hepliaklqana_dungeon_heroes,
          palyth_stone_intersect

Skill      XL: |  1  2  3  4  5  6  7  8 |
---------------+-------------------------+-----
Maces & Flails | 2 3 4 5 6 8 10 | 10.0
Evocations     | 1 3 4 |  4.0
Fighting       | |  2.6
Dodging        | |  1.7
Stealth        | |  4.5

Action                     |  1- 3 |  4- 6 |  7- 9 || total
---------------------------+-------+-------+-------++-------
  Melee: Dagger            |   105 |    86 |       ||   191
         Mace              |    10 |   116 |     4 ||   130
         Punch             |     1 |     3 |     5 ||     9
         Short sword       |       |    11 |   117 ||   128
         Flail             |       |       |   140 ||   140
  Evoke: Wand              |       |     3 |     4 ||     7
    Use: Scroll            |       |       |     1 ||     1
         Potion            |       |       |     1 ||     1
   Stab: Sleeping          |     4 |       |       ||     4
         Invisible         |       |     2 |     1 ||     3
 Armour: Leather armour    |    24 |       |       ||    24
         Plate armour      |    25 |   129 |   185 ||   339
  Dodge: Dodged            |    53 |    73 |   115 ||   241

Table legend: (Time is in decaauts)
 A = Elapsed time spent in this place.
 B = Non-inter-level travel time spent in this place.
 C = Inter-level travel time spent in this place.
 D = Time resting spent in this place.
 E = Time spent auto-exploring this place.
 F = Levels seen in this place.
 G = Mean time per level.
                   A        B        C        D        E       F      G
               +--------+--------+--------+--------+--------+-----+--------+
         Total |   8493 |   8262 |    231 |   1043 |   5299 |   8 | 1061.6 |
       Dungeon |   7502 |   7271 |    231 |   1043 |   4609 |   7 | 1071.7 |
         Sewer |    991 |    991 |      0 |      0 |    689 |   1 |  991.0 |
               +--------+--------+--------+--------+--------+-----+--------+

Top non-repeatable levels by time:
     D:5: 2159 daAuts
     D:2: 1308 daAuts
     D:6: 1207 daAuts
     D:4: 1064 daAuts
   Sewer: 991 daAuts
     D:3: 901 daAuts
     D:1: 799 daAuts
     D:7: 61 daAuts
